 Dungeon Crawl Stone Soup version 0.26-a0-597-gb535b0901c (webtiles) character file.

Game seed: 13111568038328200898

601 Lanoc the Bolt Thrower (level 7, -23/88 HPs)
             Began as a Purple Draconian Hunter on Sept 6, 2020.
             Killed from afar by a sky beast (35 damage)
             ... with an exploding inner flame
             ... hexed by the player character
             ... on level 7 of the Dungeon.
             The game lasted 00:04:35 (2709 turns).

Lanoc the Bolt Thrower (Purple Draconian Hunter)    Turns: 2709, Time: 00:04:36

Health: -23/88     AC: 23    Str: 14 (15) XL:     7   Next: 18%
Magic:  7/7        EV:  2    Int: 11      God:
Gold:   101        SH:  6    Dex: 12 (13) Spells: 6/6 levels left

rFire    . . .     SeeInvis .   a - +1 hand crossbow
rCold    + . .     Faith    .   e - +2 buckler
rNeg     + + +     Spirit   .   (armour unavailable)
rPois    +         Reflect  .   (helmet currently unavailable)
rElec    .         Harm     .   (cloak currently unavailable)
rCorr    .         NoTele   +   (gloves currently unavailable)
MR       +....                  (boots currently unavailable)
Stlth    +.........             k - amulet of regeneration
HPRegen  0.64/turn              d - ring of protection from cold
MPRegen  0.10/turn              g - ring of poison resistance

@: tree-form
A: (breathe power), unfitting armour, AC +6
a: no special abilities


You were on level 7 of the Dungeon.
You were a tree.
You visited 1 branch of the dungeon, and saw 6 of its levels.

You collected 101 gold pieces.

Inventory:

Hand Weapons
 a - a +1 hand crossbow (weapon)
 b - a +0 short sword
Missiles
 c - 48 bolts (quivered)
Armour
 e - a +2 buckler (worn)
Jewellery
 d - a ring of protection from cold (left branch)
 g - a ring of poison resistance (right branch)
 k - an amulet of regeneration (around neck)
Wands
 m - a wand of disintegration (17)
 s - a wand of enslavement (13)
Scrolls
 f - 4 scrolls of identify
 j - a scroll of enchant weapon {unknown}
 l - a scroll of noise {unknown}
 n - a scroll of immolation
 o - a scroll of remove curse {unknown}
 p - a scroll of blinking {unknown}
 r - a scroll of teleportation {unknown}
Potions
 t - a potion of magic


   Skills:
 + Level 4.3 Fighting
 * Level 5.7 Crossbows
 + Level 3.5 Dodging
 - Level 0.8 Stealth
 + Level 3.1 Shields


You had 6 spell levels left.
You didn't know any spells.
Your spell library contained the following spells:

 Spells                   Type           Power        Failure   Level
 Sting                    Tmut/Pois      #...         36%         1
 Poisonous Vapours        Pois/Air       #.....       52%         2
 Ignite Poison            Fire/Tmut/Pois #.......     75%         3
 Spider Form              Tmut/Pois      #.........   75%         3
 Olgreb's Toxic Radiance  Pois           #.......     98%         4
 Eringya's Noxious Bog    Tmut/Pois      #.........   100%        6


Dungeon Overview and Level Annotations

Branches:
Dungeon (5/15)             Temple (0/1) D:4

Altars:
Dithmenos
Elyvilon
Fedhas
Vehumet
Yredelemnul
The Shining One


Innate Abilities, Weirdness & Mutations

((You can breathe bolts of dispelling energy.))
((Your rich purple scales are hard. (AC +6)))
You cannot fit into any form of body armour.
((You are cold-blooded and may be slowed by cold attacks.))


Message History

The killer bee is engulfed in blazing flames.
The killer bee explodes!
The fiery explosion engulfs the killer bee!!
The killer bee explodes!
The fiery explosion engulfs you.
* * * LOW HITPOINT WARNING * * *
The fiery explosion engulfs the killer bee!!
The killer bee explodes!
Your Shields skill increases to level 3!
You have reached level 7!
Your scales start taking on a rich purple colour.
You learn Spellcasting much quicker.
You learn Hexes much quicker.
You learn Evocations quicker.
You can breathe bolts of dispelling energy.
You feel your intelligence returning. The fiery explosion engulfs you.
* * * LOW HITPOINT WARNING * * *
The fiery explosion engulfs something!!
Flame seeps out of something.
The fiery explosion engulfs you!!
You die...

####
##§.#
##§§[#
#♣○§##
#§#§#
#§§.#
§§§##
#.#.#
(...#
#.. ##
.(.
..!.


There were no monsters in sight!

Vanquished Creatures
  A sky beast (D:5)
  4 killer bees (D:7)
  A howler monkey (D:4)
  A hound (D:3)
  3 worker ants (D:4)
  3 orc wizards
  6 adders
  An ooze (D:3)
  An adder skeleton (D:5)
  2 dart slugs
  A leopard gecko (D:2)
  3 orcs
  4 bats
  5 giant cockroaches
  3 goblins
  A hobgoblin (D:3)
  6 jackals
  4 frilled lizards
  A giant cockroach zombie (D:5)
  5 kobolds
  5 rats
  A spectral orc (D:4)
62 creatures vanquished.

Notes
Turn   | Place    | Note
-------+----------+-------------------------------------------
     0 | D:1      | Lanoc the Draconian Hunter began the quest for the Orb.
     0 | D:1      | Reached XP level 1. HP: 17/17 MP: 1/1
   292 | D:1      | Reached XP level 2. HP: 25/25 MP: 2/2
   509 | D:2      | Reached skill level 4 in Crossbows
   509 | D:2      | Reached skill level 1 in Shields
   522 | D:2      | Reached XP level 3. HP: 22/30 MP: 3/3
   926 | D:3      | Reached XP level 4. HP: 31/37 MP: 4/4
  1422 | D:3      | Found a white marble altar of Elyvilon.
  1609 | D:3      | Found a blossoming altar of Fedhas.
  1756 | D:4      | Reached XP level 5. HP: 28/45 MP: 5/5
  2017 | D:4      | Found a staircase to the Ecumenical Temple.
  2100 | D:4      | Reached skill level 5 in Crossbows
  2109 | D:4      | Found a glowing golden altar of the Shining One.
  2162 | D:4      | Found a basalt altar of Yredelemnul.
  2271 | D:4      | Found a shadowy altar of Dithmenos.
  2338 | D:5      | Entered Level 5 of the Dungeon
  2396 | D:4      | Reached XP level 6. HP: 48/51 MP: 6/6
  2613 | D:5      | Noticed a sky beast
  2628 | D:5      | Killed a sky beast
  2656 | D:5      | Identified Sif Muna's Incunabulum of Envenoming
  2658 | D:5      | Found a radiant altar of Vehumet.
  2688 | D:5      | You fall into a shaft and drop 2 floors!
  2694 | D:7      | Noticed a sky beast
  2709 | D:7      | Your scales start taking on a rich purple colour.
  2709 | D:7      | Reached XP level 7. HP: 17/59 MP: 7/7
  2709 | D:7      | Killed from afar by a sky beast

Illustrated notes

Levels and vault maps discovered:
D:1:      nzn_arrival_settlement, layout_basic, minmay_shallow_snake_nest
D:2:      layout_rooms, lemuel_coloured_pillars_altar, corexii_leaking_fountain
D:3:      layout_loops_cross, lemuel_doored_altar, fedhas_altar_fruit_tree
D:4:      layout_rooms, tso_metal_star, kennysheep_little_box,
          yredelemnul_forgotten_temple_becter, minmay_temple_entry_from_below_a,
          minmay_crystal_water
D:5:      layout_layer_cave, vehumet_crystals, nicolae_dithmenos_shadow_blocks
D:7:      layout_rooms, kennysheep_mini_moat

Skill      XL: |  1  2  3  4  5  6 |
---------------+-------------------+-----
Dodging        | 2 3 |  3.5
Crossbows      | 4 5 |  5.7
Shields        | 1 2 3 |  3.1
Fighting       | 3 4 |  4.3
Stealth        | |  0.8

Action                   |  1- 3 |  4- 6 |  7- 9 || total
-------------------------+-------+-------+-------++-------
Melee: Short sword       |    95 |   207 |       ||   302
       Tailslap          |     7 |    28 |       ||    35
 Fire: Hand crossbow     |     7 |    23 |       ||    30
  Use: Potion            |       |     3 |       ||     3
       Scroll            |       |     2 |       ||     2
 Stab: Sleeping          |     1 |     1 |       ||     2
Armor: Skin              |    35 |    75 |       ||   110
Dodge: Dodged            |    67 |   115 |       ||   182
Block: Buckler           |    35 |    51 |       ||    86

Table legend: (Time is in decaauts)
 A = Elapsed time spent in this place.
 B = Non-inter-level travel time spent in this place.
 C = Inter-level travel time spent in this place.
 D = Time resting spent in this place.
 E = Time spent auto-exploring this place.
 F = Levels seen in this place.
 G = Mean time per level.
                   A        B        C        D        E       F      G
               +--------+--------+--------+--------+--------+-----+--------+
         Total |   2755 |   2667 |     88 |     65 |   1972 |   6 |  459.2 |
       Dungeon |   2755 |   2667 |     88 |     65 |   1972 |   6 |  459.2 |
               +--------+--------+--------+--------+--------+-----+--------+

Top non-repeatable levels by time:
     D:3: 1104 daAuts
     D:4: 726 daAuts
     D:1: 492 daAuts
     D:5: 247 daAuts
     D:2: 163 daAuts
     D:7: 22 daAuts
